 Dungeon Crawl Stone Soup version 0.27-a0-1090-gb115f176c6 (webtiles) character file.

Game seed: 12570180503774076578

7 tsouns the Slasher (level 1, 0/18 HPs)
             Began as a Demonspawn Monk on Apr 27, 2021.
             Slain by a jackal (3 damage)
             ... on level 1 of the Dungeon.
             The game lasted 00:00:21 (131 turns).

tsouns the Slasher (Demonspawn Monk)                 Turns: 131, Time: 00:00:22

Health: 0/18       AC:  2    Str: 11    XL:     1   Next: 91%
Magic:  1/1        EV: 12    Int: 11    God:
Gold:   0          SH:  0    Dex: 15    Spells: 0/0 levels left

rFire    . . .     SeeInvis .   a - +0 falchion
rCold    . . .     Faith    .   (no shield)
rNeg     . . .     Spirit   .   b - +0 robe
rPois    .         Reflect  .   (no helmet)
rElec    .         Harm     .   (no cloak)
rCorr    .         Rampage  .   (no gloves)
Will     .....                  (no boots)
Stlth    ++........             (no amulet)
HPRegen  0.06/turn              (no ring)
MPRegen  0.07/turn              (no ring)

@: no status effects
A: no striking features
a: no special abilities


You were on level 1 of the Dungeon.
You visited 1 branch of the dungeon, and saw 1 of its levels.

Inventory:

Hand Weapons
 a - a +0 falchion (weapon)
Armour
 b - a +0 robe (worn)


   Skills:
 - Level 3.0 Fighting
 + Level 3.2 Long Blades
 - Level 2.6 Dodging
 - Level 1.7 Stealth


You couldn't memorise any spells.
You didn't know any spells.
Your spell library was empty.

Dungeon Overview and Level Annotations

Branches:
Dungeon (1/15)

Altars:


Message History

The jackal is heavily wounded.
You barely miss the jackal. The jackal closely misses you.
The jackal bites you but does no damage.
The jackal bites you.
You closely miss the jackal.
The jackal is heavily wounded.
The jackal bites you.
The jackal bites you but does no damage. x2
The jackal closely misses you. The jackal bites you.
The jackal bites you but does no damage.
You barely miss the jackal.
The jackal is heavily wounded.
The jackal bites you but does no damage.
The jackal bites you. x2; The jackal closely misses you.
You are too injured to fight recklessly!
You are too injured to fight recklessly!
You are too injured to fight recklessly!
You are too injured to fight recklessly!
You are too injured to fight recklessly!
You are too injured to fight recklessly!
You are too injured to fight recklessly!
The jackal bites you.
You miss the jackal. The jackal misses you. The jackal bites you. x2
* * * LOW HITPOINT WARNING * * *
The jackal bites you.
* * * LOW HITPOINT WARNING * * *
The jackal closely misses you. x2
The jackal bites you but does no damage.
You see here a dart slug corpse.
The jackal bites you.
* * * LOW HITPOINT WARNING * * *
The jackal closely misses you.
There is an open door here.
You hit the jackal.
You kill the jackal!
You hit the jackal.
The jackal is severely wounded.
The jackal closely misses you. The jackal bites you.
You die...

.........#.......#
.........#.......##
......?..#.........
........##..##########
#.#..##[##.†+....♣P#P##
# ##....#..h#≈≈≈..♣P#.♣
##.....#.##≈8....<♣#
........#h≈≈..♣P#.♣
........h@...♣P#P##
........##########
......... ###..#.#.
...... .# ..#.... .#
..#.... .# ####


You could see 2 jackals.

Vanquished Creatures
  2 dart slugs (D:1)
  A jackal (D:1)
  A rat (D:1)
4 creatures vanquished.

Notes
Turn   | Place    | Note
-------+----------+-------------------------------------------
     0 | D:1      | tsouns the Demonspawn Monk began the quest for the Orb.
     0 | D:1      | Reached XP level 1. HP: 18/18 MP: 1/1
   131 | D:1      | Slain by a jackal

Illustrated notes

Levels and vault maps discovered:
D:1:      tarquinn_simple_flora_water_d, layout_rooms,
          shapermc_ecumenical_altar_venn

Skill      XL: |  1 |
---------------+----+-----
Long Blades    | 3 |  3.2
Fighting       | |  3.0
Dodging        | |  2.6
Stealth        | |  1.7

Action                   || total
-------------------------++-------
Melee: Falchion          ||    20
 Stab: Sleeping          ||     1
Armor: Robe              ||     9
Dodge: Dodged            ||    17
       Rpst.: Falchion   ||     1

Table legend: (Time is in decaauts)
 A = Elapsed time spent in this place.
 B = Non-inter-level travel time spent in this place.
 C = Inter-level travel time spent in this place.
 D = Time resting spent in this place.
 E = Time spent auto-exploring this place.
 F = Levels seen in this place.
 G = Mean time per level.
                   A        B        C        D        E       F      G
               +--------+--------+--------+--------+--------+-----+--------+
         Total |    133 |    133 |      0 |      0 |     87 |   1 |  133.0 |
       Dungeon |    133 |    133 |      0 |      0 |     87 |   1 |  133.0 |
               +--------+--------+--------+--------+--------+-----+--------+

Top non-repeatable levels by time:
     D:1: 133 daAuts
